 Dungeon Crawl Stone Soup version 0.29-a0-925-g0a7a3d12f8 (webtiles) character file.

Game seed: 3020248538771342831

98 Newt the Shooter (level 4, 0/22 HPs)
             Began as a Spriggan Arcane Marksman on July 29, 2022.
             Was an Initiate of Yredelemnul.
             Slain by a hound (2 damage)
             ... on level 3 of the Dungeon.
             The game lasted 00:04:26 (1273 turns).

Newt the Shooter (Spriggan Arcane Marksman)         Turns: 1273, Time: 00:04:27

Health: 0/22       AC:  2    Str: 12    XL:     4   Next: 43%
Magic:  7/7        EV: 18    Int: 14    God:    Yredelemnul [......]
Gold:   32         SH:  0    Dex: 23    Spells: 5/6 levels left

rFire   . . .      SeeInvis +   a - +1 sling
rCold   . . .      Faith    .   t - orb {mayhem}
rNeg    . . .      Spirit   .   c - +0 robe
rPois   .          Reflect  .   (helmet restricted)
rElec   .          Harm     .   (no cloak)
rCorr   .          Rampage  .   (gloves unavailable)
Will    .....                   (boots unavailable)
Stlth   ++........              (no amulet)
HPRegen 0.07/turn               g - +6 ring of strength
MPRegen 0.10/turn               m - +6 ring of dexterity

@: very quick
A: very small, no large weapons, unfitting armour, see invisible, speed 3
a: Renounce Religion, Recall Undead Harvest


You were on level 3 of the Dungeon.
You worshipped Yredelemnul.
Yredelemnul was noncommittal.
You visited 1 branch of the dungeon, and saw 4 of its levels.

You collected 32 gold pieces.

Inventory:

Hand Weapons
 a - a +1 sling (weapon)
Missiles
 d - 3 poisoned darts
Armour
 c - a +0 robe (worn)
 t - an orb of mayhem (worn)
Jewellery
 g - a +6 ring of strength (left hand)
 m - a +6 ring of dexterity (right hand)
Wands
 i - a wand of roots (10)
 o - a wand of quicksilver (7)
Scrolls
 b - 2 scrolls of vulnerability
 f - a scroll of torment
 h - a scroll of teleportation
 k - a scroll of amnesia {unknown}
 n - a scroll of magic mapping {unknown}
Potions
 e - a potion of brilliance
 j - a potion of curing {unknown}
 l - a potion of cancellation {unknown}
 p - a potion of haste {unknown}
 q - a potion of attraction {unknown}
 r - a potion of ambrosia {unknown}
 s - a potion of flight {unknown}


   Skills:
 + Level 1.0 Fighting
 + Level 4.2 Ranged Weapons
 + Level 2.9 Dodging
 + Level 0.1 Stealth
 + Level 1.5 Spellcasting
 + Level 4.1 Hexes


You had 5 spell levels left.
You knew the following spells:

 Your Spells              Type           Power      Damage    Failure   Level
a - Slow                  Hex            48%        N/A       4%          1

Your spell library contained the following spells:

 Spells                   Type           Power      Damage    Failure   Level
 Inner Flame              Hex/Fire       6%         N/A       32%         3
 Portal Projectile        Hex/Tloc       12%        N/A       32%         3
 Blink                    Tloc           2%         N/A       36%         2
 Cause Fear               Hex            6%         N/A       41%         4
 Lesser Beckoning         Tloc           1%         N/A       58%         3
 Manifold Assault         Tloc           1%         N/A       100%        5


Dungeon Overview and Level Annotations

Branches:
Dungeon (4/15)
 Temple: D:4-7

Altars:
Yredelemnul


Innate Abilities, Weirdness & Mutations

You are very small and have problems with some larger weapons.
You are too small for most types of armour.
You have supernaturally acute eyesight. (SInv)
You cover ground extremely quickly. (Speed+++)


Message History

Press: ? - help, Shift-Dir - straight line, f - orc wizard
Aim: an orc wizard, wielding a +0 dagger and wearing a +0 robe (heavily wounded, fast, strong, frenzied and insane, not watching you, ally target, 58% to hit)
You shoot a sling bullet. The sling bullet hits the orc wizard.
The orc wizard is severely wounded.
The orc wizard hits your orc zombie with a +0 dagger. x2
Your orc zombie is destroyed!
Fire: a) +1 sling
Press: ? - help, Shift-Dir - straight line, f/p - orc wizard
Aim: an orc wizard, wielding a +0 dagger and wearing a +0 robe (severely wounded, fast, strong, frenzied and insane, unaware, 58% to hit)
You shoot a sling bullet.
The sling bullet closely misses the orc wizard.
The orc wizard shouts!
The orc shouts!
Fire: a) +1 sling
Press: ? - help, Shift-Dir - straight line, f/p - orc wizard
Aim: an orc wizard, wielding a +0 dagger and wearing a +0 robe (severely wounded, fast, strong, frenzied and insane, 58% to hit)
You shoot a sling bullet.
The sling bullet hits the orc wizard but does no damage.
The orc wizard is severely wounded.
The orc wizard hits you with a +0 dagger.
* * * LOW HITPOINT WARNING * * *
The orc wizard hits you but does no damage.
Fire: a) +1 sling
Press: ? - help, Shift-Dir - straight line, f/p - orc wizard
Aim: an orc wizard, wielding a +0 dagger and wearing a +0 robe (severely wounded, fast, strong, frenzied and insane, 58% to hit)
You shoot a sling bullet.
The sling bullet barely misses the orc wizard.
The sling bullet barely misses the orc.
The orc wizard misses you.
The orc wizard shouts!
The orc wizard shouts!
Unknown command.
The orc wizard barely misses you.
The orc wizard shouts!
The orc wizard shouts!
A hound and a frilled lizard come into view.
The hound barks!
A giant cockroach comes into view.
The orc wizard shouts!
The hound bites you.
You die...
Your body rises from the dead as a mindless zombie.

#..........#.............
#.....o....###...........
#..........# #....##.....
#..........# #....##.....
#.........## #....####.##
#.........# #...... .....
#.........# #............
#......o..# #..... ......
#.......@.###.....K......
#####..h.................
#..................
..Bl................
...........#..........
#..........##...Z......
#..........##..........
#..........##.......... .
#...###....


You could see a hound, an orc, a giant cockroach, a frilled lizard and a neutral
orc wizard (fast, strong, insane).

Vanquished Creatures
  Jessica (D:2)
  An orc wizard (D:3)
  A worm (D:2)
  2 dart slugs
  5 orcs
  2 bats
  5 endoplasms
  A giant cockroach (D:1)
  4 goblins (D:3)
  2 hobgoblins
  3 ball pythons
  3 kobolds
  3 rats
33 creatures vanquished.

Vanquished Creatures (collateral kills)
  An orc (D:3)
  A ball python (D:3)
  An orc zombie (D:3)
  A rat (D:3)
4 creatures vanquished.

Grand Total: 37 creatures vanquished

Notes
Turn   | Place    | Note
-------+----------+-------------------------------------------
     0 | D:1      | Newt the Spriggan Arcane Marksman began the quest for the
                  | Orb.
     0 | D:1      | Reached XP level 1. HP: 9/9 MP: 3/3
   212 | D:1      | You fall into a shaft and drop 1 floor!
   243 | D:2      | Reached XP level 2. HP: 13/14 MP: 3/5
   508 | D:2      | Found a basalt altar of Yredelemnul.
   510 | D:2      | Noticed Jessica
   518 | D:2      | Killed Jessica
   519 | D:2      | Reached XP level 3. HP: 17/17 MP: 4/6
   665 | D:2      | Became a worshipper of Yredelemnul the Dark
  1097 | D:3      | Reached XP level 4. HP: 21/21 MP: 7/7
  1255 | D:3      | Reached skill level 1 in Fighting
  1273 | D:3      | Slain by a hound

Illustrated notes

Levels and vault maps discovered:
D:1:      dpeg_arrival_round_a, layout_loops_ring, nicolae_eternal_life,
          minmay_misc_feat_nine_boxes, minmay_tall_x
D:2:      layout_basic, basic_altar, uniq_jessica
D:3:      layout_basic, dilly_ecumenical_altar_fadedgnrine
D:4:      layout_rooms, brannock_xom_greatest_gift,
          mainiacjoe_overflow_concentric_impassable, uniq_menkaure, uniq_ijyb,
          uniq_duvessa

Skill      XL: |  1  2  3  4 |
---------------+-------------+-----
Hexes          | 4 |  4.1
Ranged Weapons | 3 4 |  4.2
Fighting       | 1 |  1.0
Dodging        | |  2.9
Stealth        | |  0.1
Spellcasting   | |  1.5

Action                   |  1- 3 |  4- 6 || total
-------------------------+-------+-------++-------
 Fire: Sling             |    95 |    27 ||   122
 Cast: Slow              |     4 |     4 ||     8
  Use: Scroll            |     2 |     1 ||     3
Armor: Robe              |     1 |     2 ||     3
Dodge: Dodged            |    10 |     7 ||    17

Table legend: (Time is in decaauts)
 A = Elapsed time spent in this place.
 B = Non-inter-level travel time spent in this place.
 C = Inter-level travel time spent in this place.
 D = Time resting spent in this place.
 E = Time spent auto-exploring this place.
 F = Levels seen in this place.
 G = Mean time per level.
                   A        B        C        D        E       F      G
               +--------+--------+--------+--------+--------+-----+--------+
         Total |    960 |    901 |     59 |    142 |    440 |   4 |  240.0 |
       Dungeon |    960 |    901 |     59 |    142 |    440 |   4 |  240.0 |
               +--------+--------+--------+--------+--------+-----+--------+

Top non-repeatable levels by time:
     D:2: 465 daAuts
     D:3: 303 daAuts
     D:1: 189 daAuts
     D:4: 1 daAuts
